 Dungeon Crawl Stone Soup version 0.19.1-1-g22dce08 (webtiles) character file.

187 Inchmeat the Charmwright (level 5, -2/30 HPs)
             Began as a High Elf Skald on Jan 12, 2017.
             Slain by Robin
             ... wielding a +0 spear of freezing
              (3 damage)
             ... on level 4 of the Dungeon.
             The game lasted 00:08:14 (3389 turns).

Inchmeat the Charmwright (High Elf Skald)           Turns: 3389, Time: 00:08:15

Health: -2/30      AC:  7    Str: 12    XL:     5   Next: 39%
Magic:  8/9        EV: 11    Int: 17    God:
Gold:   126        SH:  6    Dex: 15    Spells: 4 memorised, 1 level left

rFire  . . .     SeeInvis .     a - +1 falchion
rCold  . . .     Gourm    .     b - +0 leather armour
rNeg   . . .     Faith    .     k - +0 buckler
rPois  .         Spirit   .     q - +0 hat {MR+}
rElec  .         Reflect  +     i - +2 cloak
rCorr  .         Harm     .     n - +0 pair of gloves
MR     +....                    (no boots)
Stlth  +.........               e - +2 amulet of reflection
                                (no ring)
                                (no ring)

@: no status effects
A: horns 1, clever 1, frail 1
a: no special abilities


You were on level 4 of the Dungeon.
You were near starving.

You visited 1 branch of the dungeon, and saw 4 of its levels.

You collected 126 gold pieces.

Inventory:

Hand Weapons
 a - a +1 falchion (weapon)
Armour
 b - a +0 leather armour (worn)
 i - a +2 cloak (worn)
 k - a +0 buckler (worn)
 n - a +0 pair of gloves (worn)
 q - a +0 hat of magic resistance (worn)
Jewellery
 e - a +2 amulet of reflection (around neck)
Wands
 r - a wand of slowing (48/48)
Scrolls
 g - a scroll of remove curse
 l - a scroll of noise {unknown}
 m - 2 scrolls of fog
Potions
 p - a potion of lignification
 u - a potion of curing
Books
 c - a book of Battle

   Spells                             Type                      Level
   a - Infusion                       Charms                       1
   b - Shroud of Golubria             Charms/Translocation         2
   c - Song of Slaying                Charms                       2
   d - Spectral Weapon                Hexes/Charms                 3
   e - Regeneration                   Charms/Necromancy            3
Comestibles
 d - 2 bread rations
 f - 2 beef jerkies
 h - 4 fruits
 o - 2 slices of pizza


   Skills:
 - Level 2.0 Fighting
 - Level 2.5 Long Blades
 - Level 0.8 Armour
 - Level 1.1 Dodging
 * Level 1.4 Shields
 - Level 2.5 Spellcasting
 * Level 6.9 Charms


You had one spell level left.
You knew the following spells:

 Your Spells              Type           Power        Failure   Level  Hunger
a - Infusion              Chrm           ####         1%          1    #......
b - Song of Slaying       Chrm           ####....     2%          2    ##.....
c - Shroud of Golubria    Chrm/Tloc      ##........   14%         2    ##.....
d - Regeneration          Chrm/Necr      ##........   24%         3    ###....


Dungeon Overview and Level Annotations

Branches:
Dungeon (4/15)
 Temple: D:4-7

Altars:
Ru
Uskayaw
Yredelemnul

Annotations:
D:3 Snu's ghost, amateur KoAM
D:4 Robin


Innate Abilities, Weirdness & Mutations

You have a pair of small horns on your head.
Your mind is acute. (Int +2)
You are frail. (-10% HP)


Message History

Robin roars a battlecry!
The hobgoblin goes into a battle-frenzy!
You hit the hobgoblin.
You kill the hobgoblin!
You block Robin's attack. Robin barely misses you.
Items here: ))))))))) ††††† You closely miss Robin.
Robin hits you with a spear of freezing!
Robin freezes you.
You hit Robin.
Robin is lightly wounded.
Robin hits you with a spear of freezing.
* * * LOW HITPOINT WARNING * * *
Robin freezes you.
* * * LOW HITPOINT WARNING * * *
Robin hits you from afar with a spear of freezing.
* * * LOW HITPOINT WARNING * * *
Robin freezes you.
You die...

#. #. #. #.
#.######## ###.
#........ #...
#.....g.# #####...
#)# ....<... #@#
####...
#)#############...
#[(...............
##########........
#........
#........
#.......#
#.......#
#<......#


You could see Robin.

Vanquished Creatures
  An orc wizard (D:2)
  Ijyb (D:2)
  4 adders
  An ooze (D:1)
  A worm (D:3)
  A dart slug (D:3)
  5 leopard geckos
  An orc (D:3)
  14 giant cockroaches
  12 hobgoblins
  8 bats
  3 frilled lizards
  15 goblins
  5 kobolds
  8 rats
80 creatures vanquished.

Vanquished Creatures (others)
  A kobold (D:3)
1 creature vanquished.

Grand Total: 81 creatures vanquished

Notes
Turn   | Place    | Note
-------+----------+-------------------------------------------
     0 | D:1      | Inchmeat the High Elf Skald began the quest for the Orb.
     0 | D:1      | Reached XP level 1. HP: 14/14 MP: 4/4
   100 | D:1      | Reached skill level 4 in Charms
   346 | D:1      | Reached XP level 2. HP: 19/19 MP: 3/6
   894 | D:2      | Reached XP level 3. HP: 18/24 MP: 1/7
   996 | D:2      | Reached skill level 5 in Charms
  1274 | D:2      | Learned a level 2 spell: Song of Slaying
  1277 | D:2      | Learned a level 2 spell: Shroud of Golubria
  1365 | D:2      | Found a basalt altar of Yredelemnul.
  1373 | D:2      | Noticed a hand axe
  1373 | D:2      | Noticed a hand axe
  1374 | D:2      | Found a hide-covered altar of Uskayaw.
  1376 | D:2      | Noticed Ijyb
  1400 | D:2      | Killed Ijyb
  1400 | D:2      | Reached XP level 4. HP: 27/29 MP: 0/8
  1525 | D:2      | Found a sacrificial altar of Ru.
  1544 | D:2      | Gained mutation: You have a pair of small horns on your head. [potion of mutation]
  1544 | D:2      | Gained mutation: Your mind is acute. (Int +2) [potion of mutation]
  1544 | D:2      | Gained mutation: You are frail. (-10% HP) [potion of mutation]
  1552 | D:2      | Reached skill level 6 in Charms
  2195 | D:2      | Learned a level 3 spell: Regeneration
  2388 | D:3      | Reached XP level 5. HP: 26/30 MP: 9/9
  2437 | D:3      | Reached skill level 1 in Shields
  3125 | D:3      | Noticed Snu's ghost (amateur KoAM)
  3368 | D:4      | Noticed Robin
  3389 | D:4      | HP: 1/30 [Robin/spear of freezing (5)]
  3389 | D:4      | Slain by Robin

Skill      XL: |  1  2  3  4  5 |
---------------+----------------+-----
Charms         | 4 5 6 |  6.9
Shields        | 1 |  1.4
Fighting       | |  2.0
Long Blades    | |  2.5
Armour         | |  0.8
Dodging        | |  1.1
Spellcasting   | |  2.5

Action                   |  1- 3 |  4- 6 || total
-------------------------+-------+-------++-------
Melee: Falchion          |    95 |   154 ||   249
       Headbutt          |       |    19 ||    19
 Cast: Infusion          |     6 |     2 ||     8
       Song of Slaying   |     1 |     1 ||     2
       Shroud of Golubri |       |     2 ||     2
  Use: Potion            |       |     5 ||     5
       Scroll            |       |     6 ||     6
 Stab: Sleeping          |     3 |     1 ||     4
       Invisible         |       |     5 ||     5
  Eat: Chunk             |     2 |     5 ||     7
Armor: Leather armour    |    35 |    34 ||    69
       Skin              |       |    18 ||    18
Dodge: Dodged            |    76 |    70 ||   146
Block: Other             |     3 |       ||     3
       Buckler           |     2 |    62 ||    64
       Reflection        |       |     3 ||     3
       Rpst.: Falchion   |    25 |    23 ||    48
